 Dungeon Sprint DCSS version 0.27.0-1-g7a089689b8 (webtiles) character file.

Game seed: 5571548948745398783

15070 Conn the Destroyer (level 12, -38/72 HPs)
             Began as an Octopode Fire Elementalist on Aug 14, 2021.
             Was the Champion of Sif Muna.
             Killed from afar by Frances (63 damage)
             ... with an iron shot
             ... in the Dungeon (Sprint VII: "The Pits") on Aug 15, 2021.
             The game lasted 00:54:12 (5681 turns).

Conn the Destroyer (Octopode Fire Elementalist)     Turns: 5681, Time: 00:54:19

Health: -38/72     AC:  1    Str:  9    XL:     12   Next: 23%
Magic:  6/29       EV: 19    Int: 21    God:    Sif Muna [******]
Gold:   0          SH:  7    Dex: 15    Spells: 6/37 levels left

rFire    . . .     SeeInvis .   p - +2 rapier (elec)
rCold    + + .     Faith    .   x - +2 buckler {rC+}
rNeg     . . .     Spirit   .   (helmet restricted)
rPois    +         Reflect  .   (no amulet)
rElec    .         Harm     .   j - +3 ring of dexterity
rCorr    .         Rampage  .   l - +3 ring of evasion
Will     .....     NoTele   +   u - ring of protection from cold
Stlth    ++++++....             v - ring of poison resistance
HPRegen  0.22/turn              w - ring of flight
MPRegen  0.21/turn              (no ring)
                                (no ring)
                                (no ring)

@: channeling, flying
A: almost no armour, amphibious, 8 rings, camouflage 1, gelatinous body 1,
(nimble swimmer 1), tentacles
a: Renounce Religion, Channel Magic, Forget Spell, Divine Exegesis


You were in the Dungeon.
You worshipped Sif Muna.
Sif Muna was exalted by your worship.
You visited 1 branch

Inventory:

Hand Weapons
 g - a +2 dagger
 k - a +2 dagger of venom
 p - a +2 rapier of electrocution (weapon)
Missiles
 c - 2 throwing nets
Armour
 x - a +2 buckler of cold resistance (worn)
Magical Staves
 y - a staff of earth
Jewellery
 j - a +3 ring of dexterity (left tentacle)
 l - a +3 ring of evasion (right tentacle)
 u - a ring of protection from cold (on tentacle)
 v - a ring of poison resistance (on tentacle)
 w - a ring of flight (on tentacle)
Scrolls
 f - 3 scrolls of fear
 h - 3 scrolls of identify
 i - 8 scrolls of amnesia
 n - a scroll of fog
 q - 2 scrolls of enchant armour
Potions
 a - 11 potions of curing
 b - 3 potions of heal wounds
 d - 4 potions of magic
 e - 4 potions of berserk rage
 m - 3 potions of brilliance
 o - a potion of mutation


   Skills:
 + Level 3.1 Fighting
 + Level 8.1 Short Blades
 + Level 7.4 Dodging
 - Level 11.7 Stealth
 * Level 5.8 Shields
 + Level 13.2 Spellcasting
 * Level 14.0 Conjurations
 + Level 4.5 Hexes
 - Level 4.3 Summonings
 - Level 5.0 Translocations
 + Level 13.4 Fire Magic
 + Level 3.9 Earth Magic
 + Level 8.4 Invocations


You had 6 spell levels left.
You knew the following spells:

 Your Spells              Type           Power      Damage    Failure   Level
a - Foxfire               Conj/Fire      100%       2x1d9     0%          1
b - Conjure Flame         Conj/Fire      64%        6-21      1%          3
c - Inner Flame           Hex/Fire       51%        N/A       1%          3
d - Sticky Flame          Conj/Fire      64%        2d8       1%          4
e - Fireball              Conj/Fire      32%        3d14      1%          5
f - Summon Guardian Gole  Hex/Summ       32%        N/A       2%          3
g - Iskenderun's Battles  Conj           64%        2d11      1%          5
h - Bolt of Magma         Conj/Fire/Erth 27%        4d13      1%          5
i - Blink                 Tloc           N/A        N/A       1%          2

Your spell library contained the following spells:

 Spells                   Type           Power      Damage    Failure   Level
 Magic Dart               Conj           100%       1d8       0%          1
 Summon Small Mammal      Summ           100%       N/A       1%          1
 Searing Ray              Conj           100%       3d7       1%          2
 Static Discharge         Conj/Air       43%        N/A       1%          2
 Gell's Gravitas          Tloc           17%        N/A       1%          3
 Mephitic Cloud           Conj/Pois/Air  33%        N/A       1%          3
 Portal Projectile        Hex/Tloc       68%        N/A       1%          3
 Fulminant Prism          Conj/Hex       26%        3d14      1%          4
 Starburst                Conj/Fire      32%        8x6d10    2%          6
 Passwall                 Tmut/Erth      18%        N/A       3%          2
 Passage of Golubria      Tloc           N/A        N/A       6%          4
 Poisonous Vapours        Pois/Air       26%        N/A       7%          2
 Irradiate                Conj/Tmut      21%        3d20      8%          5
 Lightning Bolt           Conj/Air       21%        1d36      8%          5
 Swiftness                Air            13%        N/A       14%         3
 Summon Forest            Summ/Tloc      16%        N/A       19%         5
 Summon Mana Viper        Hex/Summ       32%        N/A       21%         5
 Conjure Ball Lightning   Conj/Air       21%        3x3d6     38%         6
 Olgreb's Toxic Radiance  Pois           13%        N/A       43%         4
 Silence                  Hex/Air        11%        N/A       45%         5
 Shadow Creatures         Summ           N/A        N/A       77%         6
 Agony                    Necr           13%        N/A       78%         5
 Alistair's Intoxication  Tmut/Pois      8%         N/A       78%         5
 Excruciating Wounds      Necr           6%         N/A       78%         5
 Eringya's Noxious Bog    Tmut/Pois      6%         N/A       100%        6
 Orb of Destruction       Conj           32%        9d12      13%         7
 Ignition                 Fire           31%        3d10      77%         8
 Ozocubu's Refrigeration  Ice            6%         4d6       100%        7
 Storm Form               Tmut/Air       6%         N/A       100%        7
 Lehudib's Crystal Spear  Conj/Erth      25%        10d7      100%        8
 Necromutation            Tmut/Necr      6%         N/A       100%        8
 Summon Horrible Things   Summ           15%        N/A       100%        8
 Chain Lightning          Conj/Air       21%        3d28      100%        9


Dungeon Overview and Level Annotations

Branches:
Dungeon (1/1)

Altars:
Ashenzari
Cheibriados
Dithmenos
Elyvilon
Fedhas
Gozag
Hepliaklqana
Kikubaaqudgha
Makhleb
Nemelex Xobeh
Okawaru
Qazlal
Ru
Sif Muna
Trog
Uskayaw
Vehumet
Wu Jian
Xom
Yredelemnul
Zin
The Shining One
Beogh
Jiyva
Lugonu

Annotations:
D Frances


Innate Abilities, Weirdness & Mutations

You cannot wear most types of armour.
You are amphibious.
You can wear up to eight rings at the same time.
Your skin changes colour to match your surroundings (Stealth+).
Your rubbery body absorbs attacks. (AC +1, EV +1)
((You are camouflaged near water. (Stealth+)))
You have tentacles for arms and can constrict up to eight enemies at once.


Message History

Frances mutters in a terrible tongue.
The rust devil hits your guardian golem!
Your guardian golem seems to be corroded for longer.
Frances hits you from afar with a +0 halberd!!
Frances barely misses you.
The rust devil hits your guardian golem!
Your guardian golem seems to be corroded for longer.
Your guardian golem overheats!
The red devil hops backward while attacking.
The red devil misses you.
Casting: Bolt of Magma (dangerous; 1% risk of failure)
Confirm with . or Enter, or press ? or * to list all spells.
Aiming: Bolt of Magma (dangerous; 1% risk of failure)
Press: ? - help, Shift-Dir - straight line, f/p - rust devil
Aim: a rust devil (moderately wounded, summoned, ally target, 79% to hit)
The bolt of magma misses Frances.
The bolt of magma hits the rust devil!
The rust devil partially resists.
The rust devil is heavily wounded.
You block Frances's attack.
The rust devil hits your guardian golem!
Flame seeps out of your guardian golem.
Your guardian golem seems to be corroded for longer.
Your guardian golem is engulfed in blazing flames.
Flame seeps out of your guardian golem.
Casting: Bolt of Magma (dangerous; 1% risk of failure)
Confirm with . or Enter, or press ? or * to list all spells.
Aiming: Bolt of Magma (dangerous; 1% risk of failure)
Press: ? - help, Shift-Dir - straight line, f/p - rust devil
Aim: a rust devil (heavily wounded, summoned, ally target, 79% to hit)
The bolt of magma hits Frances!
Frances partially resists.
Frances is almost dead.
The bolt of magma hits the rust devil!
The rust devil partially resists.
The rust devil is severely wounded.
Frances says, "I have seen worlds and universes beyond all imagining."
You block Frances's attack.
The red devil hits you from afar with a +0 trident!
Frances whispers indecipherable words.
The iron shot hits you!!!
Ouch! That really hurt!
You die...

#++################
#.......)...§.[....
#.84.4....§○§.)....
#4@##############++
#..# #.@# ######
#..# .##..# #..#
.##..# #..# .''..#
#..#
.''..##########..#
.##..............#
.##..............#
##################


You could see Frances (fast), a rust devil (summoned, ally target), a red devil
(summoned) and a friendly guardian golem (summoned, inner flame, corroded).

Vanquished Creatures
  A storm dragon (D)
  A vampire knight (D)
  A yellow draconian (D)
  A deep elf death mage (D)
  Harold (D)
  A sixfirhy (D)
  A deep troll (D)
  A phantasmal warrior (D)
  A flayed ghost (D)
  A swamp dragon (D)
  An orc knight (D)
  A wolf spider (D)
  Joseph (D)
  2 smoke demons (D)
  2 cane toads (D)
  A freezing wraith (D)
  An ice devil (D)
  A troll (D)
  2 red devils (D)
  A polar bear (D)
  A tyrant leech (D)
  A shadow (D)
  2 redbacks (D)
  A tarantella (D)
  2 wraiths (D)
  2 spriggans (D)
  A fire bat (D)
  A chaos spawn (D)
  A warg (D)
  5 hell hounds (D)
  A water moccasin (D)
  A necrophage (D)
  2 black bears (D)
  An ice beast (D)
  5 wolves (D)
  An ogre (D)
  A centaur (D)
  Blork the orc (D)
  2 earth elementals (D)
  A jelly (D)
  A hound (D)
  A gnoll shaman (D)
  An iron imp (D)
  2 mummies (D)
  8 gnolls (D)
  3 orcs (D)
  An endoplasm (D)
  A giant cockroach (D)
  A goblin (D)
  4 jackals (D)
  A kobold (D)
  A quokka (D)
  2 ball python zombies (D)
  2 bats (D)
  A frilled lizard (D)
  A giant cockroach zombie (D)
87 creatures vanquished.

Vanquished Creatures (collateral kills)
  Prince Ribbit (D)
  3 wights (D)
  A white imp (D)
5 creatures vanquished.

Vanquished Creatures (others)
  An ice devil (D)
  A wolf (D)
  146 foxfires (D)
148 creatures vanquished.

Grand Total: 240 creatures vanquished

Notes
Turn   | Place    | Note
-------+----------+-------------------------------------------
     0 | D        | Conn the Octopode Fire Elementalist began the quest for the
                  | Orb.
     0 | D        | Reached XP level 1. HP: 11/11 MP: 3/3
    47 | D        | Found a glowing golden altar of the Shining One.
    47 | D        | Found a glowing silver altar of Zin.
    47 | D        | Found a basalt altar of Yredelemnul.
    47 | D        | Found a shimmering altar of Xom.
    47 | D        | Found an ornate altar of the Wu Jian Council.
    47 | D        | Found a bloodstained altar of Trog.
    47 | D        | Found a shimmering blue altar of Sif Muna.
    47 | D        | Found a sacrificial altar of Ru.
    47 | D        | Found a stormy altar of Qazlal.
    47 | D        | Found an iron altar of Okawaru.
    47 | D        | Found a sparkling altar of Nemelex Xobeh.
    47 | D        | Found a burning altar of Makhleb.
    47 | D        | Found a viscous altar of Jiyva.
    47 | D        | Found a hazy altar of Hepliaklqana.
    47 | D        | Found an opulent altar of Gozag.
    47 | D        | Found a blossoming altar of Fedhas.
    47 | D        | Found a white marble altar of Elyvilon.
    47 | D        | Found a shadowy altar of Dithmenos.
    47 | D        | Found a snail-covered altar of Cheibriados.
    48 | D        | Found a radiant altar of Vehumet.
    48 | D        | Found a corrupted altar of Lugonu.
    49 | D        | Found an ancient bone altar of Kikubaaqudgha.
    49 | D        | Found a hide-covered altar of Uskayaw.
    49 | D        | Found a broken altar of Ashenzari.
    50 | D        | Became a worshipper of Sif Muna the Loreminder
    66 | D        | Reached XP level 2. HP: 17/17 MP: 0/5
   125 | D        | Reached * piety under Sif Muna
   157 | D        | Reached skill level 5 in Fire Magic
   240 | D        | Reached XP level 3. HP: 21/21 MP: 3/7
   241 | D        | Reached ** piety under Sif Muna
   332 | D        | Learned a level 3 spell: Conjure Flame
   336 | D        | Learned a level 3 spell: Inner Flame
   388 | D        | Noticed an ice beast
   492 | D        | Killed an ice beast
   493 | D        | Reached skill level 3 in Conjurations
   493 | D        | Reached XP level 4. HP: 12/27 MP: 7/10
   493 | D        | Reached XP level 5. HP: 14/31 MP: 8/12
   695 | D        | Reached skill level 5 in Stealth
   695 | D        | Reached skill level 5 in Spellcasting
   805 | D        | Reached *** piety under Sif Muna
   821 | D        | Noticed Prince Ribbit
   828 | D        | Killed Prince Ribbit
   828 | D        | Reached **** piety under Sif Muna
   829 | D        | Reached skill level 4 in Conjurations
   829 | D        | Reached XP level 6. HP: 25/36 MP: 13/15
   852 | D        | Reached skill level 1 in Invocations
   870 | D        | Learned a level 4 spell: Sticky Flame
   876 | D        | Learned a level 5 spell: Fireball
   930 | D        | Noticed a tarantella
   933 | D        | Killed a tarantella
   934 | D        | Reached skill level 1 in Short Blades
   934 | D        | Reached skill level 5 in Dodging
   934 | D        | Reached skill level 5 in Conjurations
   934 | D        | Reached XP level 7. HP: 21/41 MP: 12/17
  1098 | D        | Noticed Blork the orc
  1100 | D        | Reached ***** piety under Sif Muna
  1100 | D        | Received a gift from Sif Muna
  1101 | D        | Got Onerink's Papyrus of the Escort {god gift}
  1221 | D        | Learned a level 3 spell: Summon Guardian Golem
  1246 | D        | Reached skill level 1 in Summonings
  1255 | D        | Killed Blork the orc
  1483 | D        | Noticed a fire bat
  1483 | D        | Noticed a chaos spawn
  1483 | D        | Noticed an ice devil
  1492 | D        | Killed a fire bat
  1493 | D        | Reached skill level 6 in Conjurations
  1493 | D        | Reached skill level 5 in Invocations
  1493 | D        | Reached XP level 8. HP: 46/46 MP: 17/19
  1545 | D        | Reached skill level 1 in Hexes
  1705 | D        | Killed an ice devil
  2003 | D        | Reached skill level 10 in Stealth
  2006 | D        | Noticed a troll
  2020 | D        | Killed a troll
  2020 | D        | Received a gift from Sif Muna
  2021 | D        | Reached skill level 10 in Fire Magic
  2021 | D        | Got Sif Muna's Tome of Flying Attacks {god gift}
  2135 | D        | Noticed a cane toad
  2135 | D        | Noticed a deep troll
  2147 | D        | Killed a cane toad
  2148 | D        | Reached skill level 1 in Fighting
  2148 | D        | Reached skill level 7 in Conjurations
  2148 | D        | Reached XP level 9. HP: 53/53 MP: 13/21
  2200 | D        | Killed a deep troll
  2255 | D        | Learned a level 5 spell: Iskenderun's Battlesphere
  2273 | D        | Noticed a red devil
  2297 | D        | Reached skill level 8 in Conjurations
  2454 | D        | Killed a red devil
  2454 | D        | Received a gift from Sif Muna
  2455 | D        | Got Sif Muna's Handbook of the Sinister Traveller {god
                  | gift}
  2459 | D        | Learned a level 2 spell: Blink
  2478 | D        | Noticed a tyrant leech
  2483 | D        | Noticed an orc knight
  2488 | D        | Killed an orc knight
  2489 | D        | Reached skill level 10 in Spellcasting
  2489 | D        | Reached skill level 9 in Conjurations
  2489 | D        | Reached skill level 1 in Translocations
  2502 | D        | Killed a tyrant leech
  2503 | D        | Reached skill level 5 in Short Blades
  2503 | D        | Reached XP level 10. HP: 50/60 MP: 7/24
  2599 | D        | Noticed a cane toad
  2600 | D        | Received a gift from Sif Muna
  2602 | D        | Killed a cane toad
  2603 | D        | Got Sif Muna's Tome of the Oath and Attacks {god gift}
  2783 | D        | Received a gift from Sif Muna
  2784 | D        | Reached skill level 10 in Conjurations
  3044 | D        | Received a gift from Sif Muna
  3044 | D        | Reached ****** piety under Sif Muna
  3045 | D        | Reached skill level 5 in Translocations
  3276 | D        | Noticed Joseph
  3429 | D        | Noticed a swamp dragon
  3441 | D        | Noticed a flayed ghost
  3444 | D        | Noticed a smoke demon
  3446 | D        | Killed a flayed ghost
  3446 | D        | Received a gift from Sif Muna
  3446 | D        | Killed a swamp dragon
  3447 | D        | Reached skill level 11 in Conjurations
  3456 | D        | Reached XP level 11. HP: 20/66 MP: 20/26
  3459 | D        | Killed Joseph
  3624 | D        | Learned a level 5 spell: Bolt of Magma
  3787 | D        | Received a gift from Sif Muna
  4051 | D        | Got Sif Muna's Compendium of Perfectionism {god gift}
  4322 | D        | Noticed a phantasmal warrior
  4331 | D        | Killed a phantasmal warrior
  4332 | D        | Reached skill level 12 in Conjurations
  4332 | D        | Reached skill level 1 in Earth Magic
  4671 | D        | Received a gift from Sif Muna
  4735 | D        | Reached skill level 1 in Shields
  4862 | D        | Noticed a sixfirhy
  4867 | D        | Killed a sixfirhy
  4925 | D        | Noticed a vampire knight
  4944 | D        | Killed a vampire knight
  4945 | D        | Reached skill level 13 in Conjurations
  4980 | D        | Noticed Harold
  4980 | D        | Noticed a yellow draconian
  4980 | D        | Noticed a wolf spider
  5015 | D        | Killed a wolf spider
  5015 | D        | Received a gift from Sif Muna
  5319 | D        | Killed Harold
  5441 | D        | Killed a yellow draconian
  5571 | D        | Got Sif Muna's Catalogue of Weightlessness {god gift}
  5612 | D        | Noticed a storm dragon
  5612 | D        | Noticed a yellow draconian
  5613 | D        | Noticed a wizard
  5614 | D        | Noticed a deep elf death mage
  5622 | D        | Noticed Frances
  5649 | D        | Killed a storm dragon
  5650 | D        | Reached skill level 5 in Shields
  5650 | D        | Reached XP level 12. HP: 5/72 MP: 14/29
  5663 | D        | Killed a deep elf death mage
  5668 | D        | Killed a ghostly deep elf death mage
  5669 | D        | Reached skill level 14 in Conjurations
  5681 | D        | Killed from afar by Frances

Illustrated notes

Levels and vault maps discovered:
D:        pitsprint [storerooms_1, entrance_room_1, metal_vault_2, armoury_1,
          mini_pit_1, grid_room_1, main_hall_1, silver_pit, the_coven_1,
          the_vestibule_1, steel_vault_1, golden_pit, hallway_of_sentries,
          crystal_vault_6, iron_vault_5, final_vault]

Skill      XL: |  1  2  3  4  5  6  7  8  9 10 11 12 |
---------------+-------------------------------------+-----
Stealth        | 3 4 6 8 9 10 11 | 11.7
Fire Magic     | 4 5 6 8 9 10 11 12 13 | 13.4
Spellcasting   | 3 4 6 7 8 10 11 13 | 13.2
Dodging        | 3 4 5 6 7 |  7.4
Conjurations   | 3 4 5 6 7 9 11 13 14 | 14.0
Invocations    | 3 5 6 7 8 |  8.4
Short Blades   | 1 2 3 5 7 8 |  8.1
Summonings     | 3 4 |  4.3
Hexes          | 2 3 4 |  4.5
Fighting       | 1 2 3 |  3.1
Translocations | 2 5 |  5.0
Earth Magic    | 3 |  3.9
Shields        | 5 |  5.8

Action                   |  1- 3 |  4- 6 |  7- 9 | 10-12 || total
-------------------------+-------+-------+-------+-------++-------
Melee: Dagger            |     4 |     8 |     3 |       ||    15
       Constrict         |     1 |     2 |     4 |    11 ||    18
       Tentacles         |       |     1 |     1 |    21 ||    23
       Rapier            |       |       |    14 |    76 ||    90
 Cast: Foxfire           |    22 |       |    39 |    27 ||    88
       Conjure Flame     |     1 |       |     5 |     3 ||     9
       Sticky Flame      |       |     1 |    13 |    11 ||    25
       Inner Flame       |       |       |     3 |     3 ||     6
       Fireball          |       |       |     5 |    24 ||    29
       Summon Guardian G |       |       |     6 |    15 ||    21
       Iskenderun's Batt |       |       |       |     3 ||     3
       Blink             |       |       |       |     3 ||     3
       Bolt of Magma     |       |       |       |    40 ||    40
Invok: Channel Magic     |       |       |     3 |     6 ||     9
  Use: Potion            |     1 |       |     3 |    18 ||    22
       Scroll            |       |     1 |       |     4 ||     5
 Stab: Distracted        |     1 |       |       |       ||     1
       Sleeping          |       |     3 |     5 |     2 ||    10
       Invisible         |       |       |       |     2 ||     2
Armor: Skin              |     1 |     1 |       |     2 ||     4
Dodge: Dodged            |     8 |     9 |    22 |    62 ||   101
Block: Buckler           |       |       |       |    10 ||    10
